 Dungeon Crawl Stone Soup version 0.32-a0-899-geb5ba95 (webtiles) character file.

Game seed: 5562797422162683092

1470 PublicAnimeNo1 the Slasher (level 8, -5/62 HPs)
             Began as a Coglin Gladiator on Apr 4, 2024.
             Was a Believer of Beogh.
             Killed by divine providence
             ... invoked by an orc priest
              (16 damage)
             ... on level 6 of the Dungeon.
             The game lasted 00:08:34 (4233 turns).

PublicAnimeNo1 the Slasher (Coglin Gladiator)       Turns: 4233, Time: 00:08:35

Health: -5/62      AC:  6    Str: 14    XL:     8   Next: 78%
Magic:  8/8        EV: 13    Int:  9    God:    Beogh [**....]
Gold:   246        SH:  0    Dex: 17    Spells: 7/7 levels left

rFire   . . .        p - +0 long sword {Narong}
rCold   . . .        a - +0 long sword (flame) {Vusi}
rNeg    . . .        b - +0 leather armour
rPois   .            c - +1 helmet
rElec   .            (no cloak)
rCorr   .            (no gloves)
SInv    .            k - +0 pair of boots
Will    .....        (amulet unavailable)
Stlth   +            (ring unavailable)
HPRegen 0.30/turn    (ring unavailable)
MPRegen 0.11/turn    (no gizmo)

%: no passive effects
@: confused, mighty, brilliant, revving
A: off-hand wielding, slow wielding, warmup strikes, no jewellery
a: Invent Gizmo, Renounce Religion, Smiting


You were on level 6 of the Dungeon.
You worshipped Beogh.
Beogh was pleased with you.
You visited 1 branch of the dungeon, and saw 6 of its levels.

You collected 246 gold pieces.

Inventory:

Hand Weapons
 a - a +0 long sword of flaming (offhand) {Vusi}
 p - a +0 long sword (weapon) {Narong}
Missiles
 d - 4 throwing nets (quivered)
 e - a javelin
Armour
 b - a +0 leather armour (worn)
 c - a +1 helmet (worn)
 k - a +0 pair of boots (worn)
Scrolls
 g - 4 scrolls of teleportation
 j - a scroll of vulnerability
 n - a scroll of revelation
 r - a scroll of poison
 s - a scroll of enchant armour
 v - a scroll of blinking {unknown}
Potions
 i - 2 potions of mutation
 l - 2 potions of cancellation
 m - a potion of heal wounds {unknown}
 o - a potion of ambrosia {unknown}
 q - a potion of curing {unknown}
 t - 2 potions of magic
 u - a potion of haste {unknown}


   Skills:
 + Level 5.1 Fighting
 * Level 7.6 Long Blades
 - Level 1.7 Throwing
 + Level 5.1 Dodging
 + Level 3.4 Stealth


You had 7 spell levels left.
You didn't know any spells.
Your spell library contained the following spells:

 Spells                   Type           Power      Damage    Failure   Level
 Call Canine Familiar     Summ           0%         N/A       83%         3
 Maxwell's Portable Pile  Tloc           0%         2d(5-13)  83%         3
 Sigil of Binding         Hex            0%         N/A       83%         3
 Teleport Other           Tloc           0%         N/A       83%         3
 Dimensional Bullseye     Hex/Tloc       0%         N/A       99%         4
 Arcjolt                  Conj/Air       0%         1d10      100%        5
 Dispersal                Tloc           0%         N/A       100%        6
 Gell's Gavotte           Tloc           0%         2d(11-16) 100%        6
 Maxwell's Capacitive Co  Air            0%         ∞         100%        8


Dungeon Overview and Level Annotations

Branches:
Dungeon (6/15)
 Temple: D:4-7

Altars:
Ru

Shops:
D:3 :

Annotations:
D:5 3 runed translucent doors, AlexanderH's ghost, novice DrEE


Innate Abilities, Weirdness & Mutations

Your facial features look somewhat orcish.
You can wield a second weapon in your off-hand.
It takes a long time for you to wield or remove held weapons.
Your first few attacks do less damage.
You cannot equip rings or amulets.


Message History

The bullfrog is heavily wounded.
You closely miss the bullfrog with your +0 long sword of flaming.
The bullfrog closely misses you. The bullfrog hits you.
You slash the bullfrog with your +0 long sword of flaming!
You burn the bullfrog.
You kill the bullfrog!
Beogh accepts your kill.
You miss something with your +0 long sword of flaming.
You closely miss something with your +0 long sword.
The orc priest mumbles some strange prayers to Beogh against you.
You hear some strange, mumbled words.
You are confused.
You hear some strange, mumbled words.
You are more confused.
It was a potion of brilliance.
You feel clever all of a sudden.
It was a potion of magic.
Magic courses through your body.
Okay, then.
It was a potion of might.
You feel very mighty all of a sudden. Something hits you.
You slash the orc priest with your +0 long sword!
The orc priest is severely wounded.
You miss the orc priest with your +0 long sword of flaming.
The orc priest hits you with a +0 club. Something hits you.
You bump into the rock wall.
The orc priest calls down the wrath of Beogh upon you.
Beogh smites you!
* * * LOW HITPOINT WARNING * * *
Something hits you but does no damage.
You bump into the rock wall.
The orc priest hits you but does no damage.
You hear some strange, mumbled words.
A magic dart appears from out of thin air!
The magic dart hits you.
* * * LOW HITPOINT WARNING * * *
The orc priest invokes the aid of Beogh against you.
Beogh smites you!
You die...
Beogh appreciates the orc priest's killing of a heretic priest.

##... #... .... #
##)# ... ##.. ....
... #.. ...#.# #..
... #.###...
#)###.###.# # #.#
#.o{....... ...
#.#.#####. #.# #.#@#
#. #.#.# #.
#.#.#####.##
#.........>#
###....#####.#
#......<..†..#
#.###...###..## # #
## #.#
#.........#.#.##. .#
#.###...###)..#......


You could see an orc priest.

Vanquished Creatures
  A steam dragon (D:6)
  2 ice beasts (D:5)
  A phantom (D:3)
  3 bullfrogs (D:6)
  2 scorpions
  3 wights (D:6)
  6 hounds
  A bombardier beetle (D:5)
  An orc priest (D:6)
  2 jellies
  4 iguanas
  3 orc wizards
  3 adders
  2 white imps
  5 dart slugs
  5 ribbon worms
  14 orcs
  10 ball pythons
  4 bats
  6 endoplasms
  A giant cockroach (D:1)
  6 goblins
  10 hobgoblins
  A jackal (D:4)
  3 quokkas
  2 frilled lizards
  5 kobolds
  8 rats
114 creatures vanquished.

Vanquished Creatures (others)
  An orc (D:5)
1 creature vanquished.

Grand Total: 115 creatures vanquished

Notes
Turn   | Place    | Note
-------+----------+-------------------------------------------
     0 | D:1      | PublicAnimeNo1 the Coglin Gladiator began the quest for the
                  | Orb.
     0 | D:1      | Reached XP level 1. HP: 16/16 MP: 1/1
   149 | D:1      | Reached XP level 2. HP: 22/22 MP: 2/2
   409 | D:1      | Reached XP level 3. HP: 28/28 MP: 3/3
   940 | D:2      | Reached skill level 4 in Long Blades
   940 | D:2      | Reached XP level 4. HP: 26/34 MP: 4/4
  1421 | D:2      | You fall into a shaft and drop 2 floors!
  1433 | D:4      | Became a worshipper of Beogh the Shepherd
  1562 | D:4      | Reached XP level 5. HP: 41/41 MP: 5/5
  1886 | D:3      | Reached * piety under Beogh
  1978 | D:3      | Found a sacrificial altar of Ru.
  2019 | D:3      | Found Xiunilich's Book Shoppe.
  2392 | D:4      | Noticed a phantom
  2413 | D:3      | Killed a phantom
  2414 | D:3      | Reached skill level 5 in Long Blades
  2414 | D:3      | Reached XP level 6. HP: 43/47 MP: 6/6
  2655 | D:4      | Reached skill level 1 in Stealth
  2951 | D:5      | Entered Level 5 of the Dungeon
  3072 | D:5      | Noticed an ice beast
  3082 | D:5      | Killed an ice beast
  3083 | D:5      | Reached XP level 7. HP: 21/53 MP: 7/7
  3330 | D:5      | Reached skill level 6 in Long Blades
  3373 | D:5      | Found a runed translucent gate.
  3373 | D:5      | Found a runed translucent gate.
  3374 | D:5      | Found a runed translucent gate.
  3375 | D:5      | Noticed AlexanderH's ghost (novice DrEE)
  3934 | D:6      | Reached XP level 8. HP: 56/61 MP: 8/8
  4076 | D:6      | Reached skill level 7 in Long Blades
  4137 | D:6      | Reached ** piety under Beogh
  4138 | D:6      | Reached skill level 5 in Dodging
  4147 | D:6      | Reached skill level 5 in Fighting
  4233 | D:6      | Killed from afar by an orc priest

Illustrated notes

Levels and vault maps discovered:
D:1:      scummos_arrival_simple_crosswalls, layout_basic,
          minmay_split_cup_small
D:2:      layout_basic, nicolae_twisty_statue_hallways
D:3:      layout_rooms, lemuel_round_altar, serial_shops, shop, chequers_garden,
          kennysheep_flooded_box, minmay_misc_feat_rugged
D:4:      layout_cave_pools, minmay_bent
D:5:      layout_basic, gammafunk_ghost_split
D:6:      layout_loops_ring, hangedman_decor_points, minmay_misc_feat_five,
          st_stairs_12

Skill      XL: |  1  2  3  4  5  6  7  8 |
---------------+-------------------------+-----
Dodging        | 3 4 5 |  5.1
Long Blades    | 4 5 6 7 |  7.6
Fighting       | 3 4 5 |  5.1
Stealth        | 1 2 3 |  3.4
Throwing       | |  1.7

Action                     |  1- 3 |  4- 6 |  7- 9 || total
---------------------------+-------+-------+-------++-------
  Melee: Long sword        |    66 |   223 |   135 ||   424
         Dagger            |    57 |    12 |       ||    69
  Throw: Throwing net      |       |       |     1 ||     1
 Invoke: Convert to Beogh  |       |     1 |       ||     1
    Use: Scroll            |       |    10 |     1 ||    11
         Potion            |       |       |     3 ||     3
   Stab: Sleeping          |       |     1 |     3 ||     4
         Distracted        |       |     2 |       ||     2
         Held in net/web   |       |       |     1 ||     1
 Armour: Leather armour    |    51 |    92 |    38 ||   181
  Dodge: Dodged            |    32 |    73 |    34 ||   139

Table legend: (Time is in decaauts)
 A = Elapsed time spent in this place.
 B = Non-inter-level travel time spent in this place.
 C = Inter-level travel time spent in this place.
 D = Time resting spent in this place.
 E = Time spent auto-exploring this place.
 F = Levels seen in this place.
 G = Mean time per level.
                   A        B        C        D        E       F      G
               +--------+--------+--------+--------+--------+-----+--------+
         Total |   4267 |   4087 |    180 |    587 |   2677 |   6 |  711.2 |
       Dungeon |   4267 |   4087 |    180 |    587 |   2677 |   6 |  711.2 |
               +--------+--------+--------+--------+--------+-----+--------+

Top non-repeatable levels by time:
     D:5: 965 daAuts
     D:2: 874 daAuts
     D:4: 848 daAuts
     D:1: 664 daAuts
     D:3: 590 daAuts
     D:6: 323 daAuts
